 Dungeon Crawl Stone Soup version 0.30-a0-142-g7370640ec8 (webtiles) character file.

Game seed: 18025104705410649969

11 Julmuri the Gusty (level 2, 0/11 HPs)
             Began as a Felid Air Elementalist on Sept 26, 2022.
             Constricted to death by a ball python (1 damage)
             ... on level 2 of the Dungeon.
             The game lasted 00:03:49 (627 turns).

Julmuri the Gusty (Felid Air Elementalist)           Turns: 627, Time: 00:03:50

Health: 0/11       AC:  1    Str:  4    XL:     2   Next: 17%
Magic:  5/6        EV: 14    Int: 16    God:
Gold:   7          SH:  0    Dex: 16    Spells: 2/5 levels left
                                        Lives:  0   Deaths: 0

rFire   . . .      SeeInvis +    (weapon unavailable)
rCold   . . .      Faith    .    (shield unavailable)
rNeg    . . .      Spirit   .    (body armour unavailable)
rPois   .          Reflect  .    (helmet unavailable)
rElec   .          Harm     .    (cloak unavailable)
rCorr   .          Rampage  .    (gloves unavailable)
Will    .....                    (boots unavailable)
Stlth   ++........               (no amulet)
HPRegen 0.03/turn                (no ring)
MPRegen 0.10/turn                (no ring)

@: constricted, quick
A: very small, claws 1, fangs 3, see invisible, speed 1, shaggy fur 1, stealthy
paws, no weapons or thrown items, no armour, multi-lived
a: no special abilities


You were on level 2 of the Dungeon.
You visited 1 branch of the dungeon, and saw 2 of its levels.

You collected 7 gold pieces.

Inventory:

Potions
 a - a potion of magic
 d - a potion of attraction


   Skills:
 + Level 2.8 Dodging
 + Level 2.8 Stealth
 + Level 2.1 Spellcasting
 + Level 0.9 Conjurations
 + Level 3.1 Air Magic


You had 2 spell levels left.
You knew the following spells:

 Your Spells              Type           Power      Damage    Failure   Level
a - Shock                 Conj/Air       32%        1d5       9%          1
b - Scorch                Fire           2%         2d5       30%         2

Your spell library contained the following spells:

 Spells                   Type           Power      Damage    Failure   Level
 Static Discharge         Conj/Air       16%        2-3/arc   14%         2
 Swiftness                Air            11%        N/A       17%         3
 Airstrike                Air            5%         2d(1-17)  50%         4
 Flame Wave               Conj/Fire      3%         2d5       86%         4
 Summon Cactus Giant      Summ           0%         N/A       100%        6


Dungeon Overview and Level Annotations

Branches:
Dungeon (2/15)

Altars:

Shops:
D:2 =


Innate Abilities, Weirdness & Mutations

You have sharp claws.
You have razor-sharp teeth.
You have supernaturally acute eyesight. (SInv)
You cover ground quickly. (Speed+)
You are covered in fur. (AC +1)
Your paws help you pounce on unaware monsters.
You are incapable of wielding weapons or throwing items.
You cannot wear armour.
You gain extra lives every three experience levels.


Message History

The jackal is attracted toward you. The dart slug is attracted toward you.
The jackal is attracted toward you. The dart slug is attracted toward you.
The dart slug is attracted toward you. The jackal is attracted toward you.
The dart slug is attracted toward you. The jackal attacks as you move away!
The jackal barely misses you. The dart slug is attracted toward you.
The jackal attacks as you move away! The jackal misses you.
The jackal is attracted toward you. x2
The jackal attacks as you move away! The jackal closely misses you. x2
The jackal attacks as you move away! The jackal misses you.
The jackal is attracted toward you. The jackal attacks as you move away!
The jackal closely misses you. The jackal attacks as you move away!
The jackal closely misses you. The dart slug is attracted toward you.
There is a stone staircase leading down here.
The jackal closely misses you. The jackal barely misses you. x2
The dart slug is attracted toward you.
You fly downwards.
Found Soboophogocs's Jewellery Shoppe.
There is a stone staircase leading up here.
The jackal attacks as you move away! The jackal completely misses you.
The ball python hisses angrily.
The ball python is attracted toward you.
You are starting to lose your buoyancy.
The jackal is attracted toward you.
You feel less attractive to monsters.
You float gracefully downwards.
As you read the scroll labelled MANEGAPSUWN, it crumbles to dust.
It is a scroll of identify.
You don't have any unidentified items.
The ball python closely misses you. The ball python grabs you.
The ball python constricts you.
* * * LOW HITPOINT WARNING * * *
You scratch the ball python.
The ball python is severely wounded.
The ball python barely misses you. The ball python constricts you.
You scratch the ball python but do no damage.
The ball python is severely wounded.
The ball python completely misses you. The ball python constricts you.
You die...

#.........⌠.⌠
......§....∩.
###.#<###.⌠. #.#.#
#.#.. #.####
#.##############
#....h...#..hS.#
.....#####.#.###@#
###..# #h#.# ###
#..#####.#h###
.............#
##..#####.#.#.#
...# #.#.#.# ....
#.#.. # ..###. ###
.#


You could see a jackal and a ball python.

Vanquished Creatures
  An endoplasm (D:1)
  A hobgoblin (D:1)
  4 jackals (D:1)
  A quokka (D:1)
  2 frilled lizards (D:1)
  A rat (D:1)
10 creatures vanquished.

Notes
Turn   | Place    | Note
-------+----------+-------------------------------------------
     0 | D:1      | Julmuri the Felid Air Elementalist began the quest for the
                  | Orb.
     0 | D:1      | Reached XP level 1. HP: 7/7 MP: 4/4
   183 | D:1      | Reached skill level 3 in Air Magic
   431 | D:1      | Reached XP level 2. HP: 11/11 MP: 3/6
   548 | D:1      | Learned a level 2 spell: Scorch
   601 | D:2      | Found Soboophogocs's Jewellery Shoppe.
   627 | D:2      | Constricted to death by a ball python

Illustrated notes

Levels and vault maps discovered:
D:1:      dpeg_arrival_simpleton_b, layout_rooms
D:2:      layout_loops_corners, serial_shops, shop_fountains,
          hellmonk_ecumenical_altar_prayer_group, kennysheep_generic_room_12

Skill      XL: |  1 |
---------------+----+-----
Air Magic      | 3 |  3.1
Dodging        | |  2.8
Stealth        | |  2.8
Spellcasting   | |  2.1
Conjurations   | |  0.9

Action                   || total
-------------------------++-------
Melee: Unarmed           ||    13
       Punch             ||     1
       Bite              ||     1
 Cast: Shock             ||    22
  Use: Potion            ||     2
       Scroll            ||     1
Armor: Skin              ||     1
Dodge: Dodged            ||    30

Table legend: (Time is in decaauts)
 A = Elapsed time spent in this place.
 B = Non-inter-level travel time spent in this place.
 C = Inter-level travel time spent in this place.
 D = Time resting spent in this place.
 E = Time spent auto-exploring this place.
 F = Levels seen in this place.
 G = Mean time per level.
                   A        B        C        D        E       F      G
               +--------+--------+--------+--------+--------+-----+--------+
         Total |    590 |    590 |      0 |    313 |    133 |   2 |  295.0 |
       Dungeon |    590 |    590 |      0 |    313 |    133 |   2 |  295.0 |
               +--------+--------+--------+--------+--------+-----+--------+

Top non-repeatable levels by time:
     D:1: 569 daAuts
     D:2: 21 daAuts
